 Dungeon Crawl Stone Soup version 0.13.1-28-g3517093 (console) character file.

4790 Revolution the Cleaver (level 10, -11/90 HPs)
             Began as a Deep Dwarf Berserker on Mar 4, 2014.
             Was a Priest of Trog.
             Hit by a large rock thrown by a cyclops (20 damage)
             ... on Level 13 of the Dungeon.
             The game lasted 00:22:54 (2804 turns).

Revolution the Cleaver (Deep Dwarf Berserker)       Turns: 2804, Time: 00:22:55

HP -11/90        AC 12     Str 22      XL: 10   Next: 22%
MP   9/9         EV 13     Int  7      God: Trog [***...]
Gold 68          SH  0     Dex 13 (15) Spells:  0 memorised,  9 levels left

Res.Fire  : . . .   See Invis. : .   I - +0,+1 orc war axe
Res.Cold  : . . .   Warding    : .   K - +1 orc ring mail {MR+}
Life Prot.: . . .   Conserve   : .   (no shield)
Res.Poison: .       Res.Corr.  : .   (no helmet)
Res.Elec. : .       Clarity    : .   A - +0 cloak
Sust.Abil.: . .     Spirit.Shd : .   y - +0 pair of gloves
Res.Mut.  : .       Stasis     : .   r - +0 pair of boots
Res.Rott. : .       Flight     : .   (no amulet)
Saprovore : . . .                    (no ring)
                                     (no ring)

@: non-regenerating, exhausted, extraordinarily resistant to hostile
enchantments, extremely unstealthy
A: damage resistance, recharge devices, sense surroundings 2, slow healing 3
a: Device Recharging, Burn Spellbooks, Berserk, Trog's Hand, Renounce Religion


You were on level 13 of the Dungeon.
You worshipped Trog.
Trog was most pleased with you.
You were hungry.

You visited 1 branch of the dungeon, and saw 13 of its levels.

You collected 223 gold pieces.
You spent 175 gold pieces at shops.

Inventory:

Hand weapons
 a - a +0,+0 dwarven hand axe {=f}
 D - a +0,+4 scimitar of flaming
 I - a +0,+1 orcish war axe (weapon)
Missiles
 L - a throwing net (quivered)
Armour
 h - a +0 dwarven chain mail
 r - a +0 pair of boots (worn)
 y - a +0 pair of gloves (worn)
 A - a +0 cloak (worn)
 B - a +2 orcish plate armour
 K - a +1 orcish ring mail of magic resistance (worn)
Magical devices
 c - a wand of heal wounds (5)
 p - a wand of polymorph (12)
 E - a wand of draining (4)
Comestibles
 u - a bread ration
Scrolls
 f - 2 scrolls of teleportation
 g - 6 scrolls of remove curse {unknown}
 l - a scroll of blinking {unknown}
 o - 2 scrolls of fear {unknown}
 q - 2 scrolls of identify {unknown}
 s - a scroll of enchant weapon I {unknown}
 t - 2 scrolls of recharging {unknown}
 v - a scroll of immolation {unknown}
 z - a scroll of curse weapon {unknown}
 C - a scroll of random uselessness {unknown}
 G - a scroll of fog {unknown}
Jewellery
 m - a cursed ring of teleportation {unknown}
 w - a +3 ring of dexterity {unknown}
Potions
 b - a potion of might {unknown}
 e - 4 potions of heal wounds
 i - 3 potions of agility
 k - 5 potions of curing
 n - 2 potions of brilliance {unknown}
 F - 2 potions of resistance {unknown}
Books
 j - a book of Cantrips

   Spells                             Type                      Level
   Confusing Touch                    Hexes                        1
   Animate Skeleton                   Necromancy                   1
   Summon Small Mammal                Summoning                    1
   Apportation                        Translocation                1
   Trog disapproves of the use of such an item.
 H - a book of Flames

   Spells                             Type                      Level
   Flame Tongue                       Conjuration/Fire             1
   Throw Flame                        Conjuration/Fire             2
   Conjure Flame                      Conjuration/Fire             3
   Inner Flame                        Hexes/Fire                   3
   Sticky Flame                       Conjuration/Fire             4
   Fireball                           Conjuration/Fire             5
   Trog disapproves of the use of such an item.
Miscellaneous
 d - a plain deck of changes


   Skills:
 + Level 6.2 Fighting
 * Level 10.1 Axes
 * Level 9.7 Armour
 + Level 7.0 Dodging


You had 9 spell levels left.
You didn't know any spells.

Dungeon Overview and Level Annotations

Branches:
Dungeon (13/27)               Orc (0/4) D:11
 Temple: D:4-7         Lair: D:8-13

Altars:
Cheibriados
Elyvilon

Shops:
D:8 !

Annotations:
D:4 exclusion: oklob sapling


Innate Abilities, Weirdness & Mutations

You are resistant to damage.
You can recharge devices by infusing magical energy.
You passively map the area around you.
You do not heal naturally.


Message History

You feel slightly more hungry.
You feel yourself speed up.
The cyclops throws a large rock.
The large rock hits you!
* * * LOW HITPOINT WARNING * * *
The shadow slips into darkness!
Deactivating autopickup; reactivate with Ctrl-A.
Drink which item? (? for menu, Esc to quit)
You feel much better.
The shadow strikes at you from the darkness!
* * * LOW HITPOINT WARNING * * *
Reactivating autopickup.
The cyclops throws a large rock.
The large rock hits you!
* * * LOW HITPOINT WARNING * * *
You barely miss the shadow.
The shadow is severely damaged.
Your skin is crawling a little less now.
The shadow hits you!
* * * LOW HITPOINT WARNING * * *
The cyclops throws a large rock.
The large rock hits you!
You die...

* , , * *, * * , , *
, ,, . , , * * * #.#
* *, #[# #.# * ,
######.# *
#.#####...@..#
(........p...# * * *
.....##......# * >,
, , , ,, .. #......#
,. , ,, , ,,
#######C####....., ,
,
..................,
8 , ,
#######.####.....,,,
, , #.# . ,* #.# ,
,,


You could see a cyclops and a shadow.

Vanquished Creatures
  Erica (D:11)
  A hill giant (D:12)
  A troll (D:9)
  A two-headed ogre (D:6)
  A basilisk (D:11)
  6 yaks
  A hungry ghost (D:13)
  2 sky beasts
  4 orc warriors (D:11)
  3 ogres
  2 centaurs
  A water moccasin (D:11)
  A big kobold (D:11)
  Blork the orc (D:9)
  A warg (D:11)
  The ghost of Revolution the Chopper, a weakling HOBe of Trog (D:5)
  A troll skeleton (D:11)
  A goliath beetle (D:13)
  A crimson imp (D:4)
  4 orc priests
  A giant frog zombie (D:11)
  2 worker ants
  An iguana (D:5)
  A hound (D:12)
  A jelly (D:9)
  A scorpion (D:12)
  3 orc wizards
  3 sheep (D:13)
  A big kobold skeleton (D:11)
  A mummy (D:10)
  6 adders
  An inept feature mimic (D:5)
  2 worms
  An iguana skeleton (D:5)
  2 giant eyeballs
  15 orcs
  7 goblins
  6 hobgoblins
  A ball python (D:3)
  4 bats
  A giant cockroach (D:3)
  4 giant geckos
  2 giant newts
  A hobgoblin zombie (D:9)
  9 kobolds
  An orc zombie (D:5)
  5 rats
118 creatures vanquished.

Notes
Turn   | Place    | Note
--------------------------------------------------------------
     0 | D:1      | Revolution, the Deep Dwarf Berserker, began the quest for the Orb.
     0 | D:1      | Reached XP level 1. HP: 21/21 MP: 0/0
   193 | D:3      | Reached XP level 2. HP: 24/28 MP: 1/1
   286 | D:3      | Reached XP level 3. HP: 32/36 MP: 2/2
   290 | D:3      | Reached skill level 4 in Axes
   319 | D:3      | Acquired Trog's second power
   400 | D:3      | Reached XP level 4. HP: 43/43 MP: 3/3
   497 | D:4      | Reached XP level 5. HP: 34/50 MP: 4/4
   588 | D:5      | Entered Level 5 of the Dungeon
   588 | D:5      | Noticed a sky beast
   603 | D:5      | Killed a sky beast
   603 | D:5      | Reached skill level 5 in Axes
   603 | D:5      | Reached XP level 6. HP: 46/57 MP: 5/5
   627 | D:5      | Noticed Revolution's ghost (weakling HOBe)
   645 | D:6      | Noticed a two-headed ogre
   658 | D:6      | Killed a two-headed ogre
   658 | D:6      | Reached skill level 5 in Armour
   771 | D:5      | Killed Revolution's ghost
   771 | D:5      | Reached XP level 7. HP: 62/64 MP: 6/6
   781 | D:5      | Found a white marble altar of Elyvilon.
   933 | D:5      | Noticed an ogre
   951 | D:5      | Killed an ogre
   951 | D:5      | Reached skill level 6 in Axes
  1288 | D:9      | Noticed a troll
  1299 | D:9      | Killed a troll
  1299 | D:9      | Reached XP level 8. HP: 52/73 MP: 7/7
  1329 | D:9      | Found a snail-covered altar of Cheibriados.
  1364 | D:10     | Entered Level 10 of the Dungeon
  1541 | D:9      | Reached skill level 7 in Axes
  1675 | D:9      | Noticed Blork the orc
  1684 | D:9      | Killed Blork the orc
  1732 | D:8      | Found Gis Athre's Distillery.
  1755 | D:8      | Bought a potion of agility for 32 gold pieces
  1755 | D:8      | Bought a potion of curing for 26 gold pieces
  1755 | D:8      | Bought a potion of heal wounds for 39 gold pieces
  1755 | D:8      | Bought a potion of heal wounds for 39 gold pieces
  1755 | D:8      | Bought a potion of heal wounds for 39 gold pieces
  2055 | D:11     | Reached skill level 5 in Dodging
  2095 | D:11     | Paralysed by a giant eyeball for 4 turns
  2108 | D:11     | Reached skill level 5 in Fighting
  2108 | D:11     | Reached skill level 8 in Axes
  2118 | D:11     | Gained mutation: You passively map the area around you. [level up]
  2118 | D:11     | Reached XP level 9. HP: 43/80 MP: 8/8
  2198 | D:11     | Noticed Erica
  2210 | D:11     | Killed Erica
  2210 | D:11     | Reached skill level 9 in Axes
  2240 | D:11     | Found a staircase to the Orcish Mines.
  2642 | D:12     | Noticed a hill giant
  2653 | D:12     | Killed a hill giant
  2653 | D:12     | Reached XP level 10. HP: 90/90 MP: 9/9
  2665 | D:12     | Reached skill level 10 in Axes
  2800 | D:13     | Noticed a cyclops
  2804 | D:13     | Hit by a large rock thrown by a cyclops

Action                   |  1- 3 |  4- 6 |  7- 9 | 10-12 || total
-------------------------+-------+-------+-------+-------++-------
Melee: Hand axe          |    55 |    78 |   197 |       ||   330
       War axe           |       |       |    77 |    49 ||   126
Invok: Berserk           |     2 |     3 |    13 |     1 ||    19
       Trog's Hand       |     1 |     2 |    18 |     4 ||    25
Evoke: Wand              |       |       |       |     2 ||     2
  Use: Potion            |       |       |     2 |     1 ||     3
       Scroll            |       |       |     2 |       ||     2
